 Dungeon Crawl Stone Soup version 0.28.0-49-g6dfe1f597d (webtiles) character file.

Game seed: 12716272096581786626

63 Zeld the Chopper (level 3, -2/34 HPs)
             Began as a Minotaur Berserker on May 15, 2022.
             Was a Believer of Trog.
             Slain by Sigmund
             ... wielding a +0 scythe
              (5 damage)
             ... on level 2 of the Dungeon.
             The game lasted 00:01:16 (2137 turns).

Zeld the Chopper (Minotaur Berserker)               Turns: 2137, Time: 00:01:17

Health: -2/34      AC:  3    Str: 23    XL:     3   Next: 87%
Magic:  2/2        EV: 12    Int:  4    God:    Trog [**....]
Gold:   68         SH:  0    Dex:  9    Spells: 2/2 levels left

rFire   . . .      SeeInvis .   a - +0 hand axe
rCold   . . .      Faith    .   (no shield)
rNeg    . . .      Spirit   .   b - +0 animal skin
rPois   .          Reflect  .   (helmet restricted)
rElec   .          Harm     .   e - +0 cloak
rCorr   .          Rampage  .   (no gloves)
Will    .....                   (no boots)
Stlth   +.........              (no amulet)
HPRegen 0.11/turn               (no ring)
MPRegen 0.08/turn               (no ring)

@: no status effects
A: horns 2, retaliatory headbutt
a: Renounce Religion, Berserk, Trog's Hand


You were on level 2 of the Dungeon.
You worshipped Trog.
Trog was pleased with you.
You visited 1 branch of the dungeon, and saw 2 of its levels.

You collected 68 gold pieces.

Inventory:

Hand Weapons
 a - a +0 hand axe (weapon)
Armour
 b - a +0 animal skin (worn)
 e - a +0 cloak (worn)
Scrolls
 c - a scroll of identify {unknown}
 d - a scroll of vulnerability {unknown}
Potions
 f - a potion of curing {unknown}


   Skills:
 * Level 4.5 Fighting
 * Level 4.5 Axes
 + Level 2.9 Armour
 + Level 2.8 Dodging


You had 2 spell levels left.
You didn't know any spells.
Your spell library was empty.

Dungeon Overview and Level Annotations

Branches:
Dungeon (2/15)

Altars:

Annotations:
D:2 Robin, Sigmund


Innate Abilities, Weirdness & Mutations

You have a pair of horns on your head.
You reflexively headbutt those who attack you in melee.


Message History

There is a stone staircase leading down here.
You climb downwards.
Level annotation: Robin, Sigmund The hobgoblin barely misses you.
You furiously retaliate!
You headbutt the hobgoblin, but do no damage.
There is a stone staircase leading up, spattered with blood here.
Unknown command.
Unknown command.
You barely miss the hobgoblin. You headbutt the hobgoblin.
The hobgoblin is heavily wounded.
You hit the goblin. The goblin closely misses you. The hobgoblin misses you.
Robin roars a battlecry!
The goblins go into a battle-frenzy!
Unknown command.
You hit the hobgoblin but do no damage.
The hobgoblin is heavily wounded.
You barely miss the goblin.
The goblin unwields a +0 club.
The goblin wields a +2 hunting sling of flaming.
It bursts into flame!
The goblin shoots a stone.
The stone hits you but does no damage. The goblin barely misses you.
The hobgoblin hits you but does no damage.
You barely miss the hobgoblin.
The hobgoblin is heavily wounded.
You closely miss the goblin.
The goblin shoots a stone.
The stone hits you. The stone burns you.
Sigmund points at you and mumbles some strange words.
The magic dart hits you! The goblin closely misses you.
You furiously retaliate!
You headbutt the goblin!
You kill the goblin!
Trog accepts your kill.
A goblin comes into view. It is wielding a +0 club.
The hobgoblin misses you.
Robin hits you from afar with a +0 spear.
Unknown command.
Unknown command.
The gnoll hits you from afar with a +0 halberd!
* * * LOW HITPOINT WARNING * * *
The goblin shoots a stone.
The stone completely misses you.
Sigmund hits you from afar with a +0 scythe.
You die...

#.
##......>..>.......#
#.............†...#
#....
#.....g.....#######
#....###.........###
#....#.......g..##
#......#........#
....##....g@..#
#...#....g÷..#
#.#...#...g)@).#
#.........##.###
#......##.###:#
#....#.#..# #.#
#........## #.#
#......#. #.#
#...#..#.# #.#
#..##..... #g# ...
#... ..


You could see Sigmund, Robin, 2 gnolls, a hobgoblin (strong) and 2 goblins.

Vanquished Creatures
  An adder (D:2)
  A gnoll (D:1)
  2 ball pythons (D:1)
  6 bats (D:1)
  2 endoplasms (D:1)
  2 giant cockroaches
  5 goblins
  8 hobgoblins
  3 jackals (D:1)
  2 quokkas (D:1)
  3 frilled lizards (D:1)
  2 kobolds (D:1)
  A rat (D:1)
  A spectral hobgoblin (D:1)
39 creatures vanquished.

Notes
Turn   | Place    | Note
-------+----------+-------------------------------------------
     0 | D:1      | Zeld the Minotaur Berserker began the quest for the Orb.
     0 | D:1      | Reached XP level 1. HP: 19/19 MP: 0/0
   223 | D:1      | Reached XP level 2. HP: 16/27 MP: 1/1
   351 | D:1      | Found a faded altar of an unknown god.
   818 | D:1      | Reached ** piety under Trog
   819 | D:1      | Reached XP level 3. HP: 33/33 MP: 2/2
  1267 | D:2      | Noticed Robin
  1269 | D:2      | Noticed Sigmund
  2137 | D:2      | Slain by Sigmund

Illustrated notes

Levels and vault maps discovered:
D:1:      dpeg_arrival_simpleton_b, layout_loops_ring,
          dreamdust_ecumenical_altar_drowned_temple
D:2:      minmay_razor_zed, layout_rooms, uniq_robin, uniq_sigmund

Skill      XL: |  1  2 |
---------------+-------+-----
Fighting       | 4 |  4.5
Axes           | 4 |  4.5
Armour         | |  2.9
Dodging        | |  2.8

Action                   || total
-------------------------++-------
Melee: Hand axe          ||    72
       Headbutt          ||     9
       Punch             ||     1
Armor: Animal skin       ||    24
Dodge: Dodged            ||    68
